 Dungeon Crawl Stone Soup version 0.27.1-4-g1640c2035a (webtiles) character file.

Game seed: 11719316550064452281

38 Stomo444 the Skirmisher (level 3, -1/20 HPs)
             Began as a Vine Stalker Monk on Nov 10, 2021.
             Was a Believer of Kikubaaqudgha.
             Slain by an adder (3 damage)
             ... on level 2 of the Dungeon.
             The game lasted 00:02:39 (1451 turns).

Stomo444 the Skirmisher (Vine Stalker Monk)         Turns: 1451, Time: 00:02:40

Health: -1/20      AC:  2    Str: 14    XL:     3   Next: 43%
Magic:  0/4        EV: 13    Int: 10    God:    Kikubaaqudgha [**....]
Gold:   29         SH:  0    Dex: 16    Spells: 1/2 levels left

rFire    . . .     SeeInvis .   a - +0 mace
rCold    . . .     Faith    .   (no shield)
rNeg     . . .     Spirit   +   b - +0 robe
rPois    .         Reflect  .   (no helmet)
rElec    .         Harm     .   (no cloak)
rCorr    .         Rampage  .   (no gloves)
Will     .....                  (no boots)
Stlth    ++........             (no amulet)
HPRegen  0.06/turn              (no ring)
MPRegen  0.09/turn              (no ring)

@: brilliant, attractive, flying
A: fangs 2, magic shield, antimagic bite, no potion heal 2
a: Renounce Religion, Receive Corpses


You were on level 2 of the Dungeon.
You worshipped Kikubaaqudgha.
Kikubaaqudgha was pleased with you.
You visited 1 branch of the dungeon, and saw 2 of its levels.

You collected 29 gold pieces.

Inventory:

Hand Weapons
 a - a +0 mace (weapon)
Armour
 b - a +0 robe (worn)
Jewellery
 f - a ring of ice
Scrolls
 g - a scroll of silence {unknown}
 i - a scroll of enchant armour {unknown}


   Skills:
 - Level 3.1 Fighting
 - Level 3.1 Maces & Flails
 - Level 2.8 Dodging
 - Level 2.4 Stealth
 + Level 0.7 Necromancy


You had one spell level left.
You knew the following spells:

 Your Spells              Type           Power      Damage    Failure   Level
a - Pain                  Necr           8%         1d4       28%         1

Your spell library contained the following spells:

 Spells                   Type           Power      Damage    Failure   Level
 Sublimation of Blood     Necr           1%         N/A       41%         2
 Corpse Rot               Necr/Air       N/A        N/A       45%         2
 Vampiric Draining        Necr           1%         2d6       65%         3


Dungeon Overview and Level Annotations

Branches:
Dungeon (2/15)

Altars:
Kikubaaqudgha


Innate Abilities, Weirdness & Mutations

You have extremely sharp teeth.
When hurt, damage is shared between your health and your magic reserves.
Your bite disrupts and absorbs the magic of your enemies.
Potions cannot restore your health.


Message History

The adder is almost dead.
You feel sick. The adder misses you.
You closely miss the adder.
The adder is almost dead.
You feel sick. The adder barely misses you. The kobold barely misses you.
The adder bites you but does no damage.
You closely miss the adder. You bite the adder. You drain its power.
The adder is almost dead.
You feel sick.
You are no longer poisoned.
The adder bites you.
You are poisoned.
The adder poisons you! The kobold misses you.
You feel sick.
It was a potion of flight.
You feel very buoyant.
You fly up into the air.
You feel sick. The adder bites you. The adder bites you but does no damage.
Unknown command.
It was a potion of brilliance.
You feel clever all of a sudden.
You feel sick. The adder misses you.
Unknown command.
It was a potion of attraction.
You feel attractive to monsters.
You feel sick. The adder misses you.
Unknown command.
As you read the scroll labelled GEWADU KADABU, it crumbles to dust.
You hear a loud clanging noise!
It was a scroll of noise.
You feel sick.
You are no longer poisoned.
You hear an angry hiss.
You hear a shout!
The adder bites you.
* * * LOW HITPOINT WARNING * * *
The adder barely misses you.
As you read the scroll labelled MUASHESUILL, it crumbles to dust.
The creatures around you are filled with an inner flame!
It was a scroll of immolation.
The adder bites you.
You die...
Kikubaaqudgha rasps: "You have failed me!
Welcome... death!"

#.# ##...###.###..####.# #
#.########.## #.# #..####.####
#.##.......# #.# ##...#.....#
#.##.####### #.# #.#.#..##.#
#.##.# ###.####.#.#..##>.
#.##.########.............##..
#.............######..........
####.#######.........#.#.###..
#...(..###@######..........
######.# #S# #.......... #.K.#
#...........
...#.........####### #.#..
.######.## # #.# ## #. #. ##


You could see an adder (inner flame) and a kobold (inner flame).

Vanquished Creatures
  8 ball pythons (D:1)
  3 endoplasms
  A giant cockroach (D:2)
  3 goblins (D:1)
  3 hobgoblins
  3 jackals (D:1)
  3 bats (D:1)
  4 frilled lizards (D:1)
  3 kobolds
  2 rats
33 creatures vanquished.

Notes
Turn   | Place    | Note
-------+----------+-------------------------------------------
     0 | D:1      | Stomo444 the Vine Stalker Monk began the quest for the Orb.
     0 | D:1      | Reached XP level 1. HP: 11/11 MP: 2/2
   120 | D:1      | Reached XP level 2. HP: 15/16 MP: 3/3
   679 | D:1      | Reached XP level 3. HP: 16/20 MP: 2/4
   881 | D:1      | Found a faded altar of an unknown god.
   923 | D:1      | Became a worshipper of Kikubaaqudgha
   923 | D:1      | Reached * piety under Kikubaaqudgha
   923 | D:1      | Received a gift from Kikubaaqudgha
   923 | D:1      | Reached ** piety under Kikubaaqudgha
   928 | D:1      | Learned a level 1 spell: Pain
  1451 | D:2      | Slain by an adder

Illustrated notes

Levels and vault maps discovered:
D:1:      dpeg_arrival_rooms_with_view, layout_loops_corners,
          shapermc_ecumenical_altar_mp_vishouse, minmay_pentomino_w2
D:2:      layout_loops_ring, serial_shops, shop, uniq_terence

Skill      XL: |  1  2 |
---------------+-------+-----
Fighting       | 3 |  3.1
Maces & Flails | 3 |  3.1
Dodging        | |  2.8
Stealth        | |  2.4
Necromancy     | |  0.7

Action                   || total
-------------------------++-------
Melee: Mace              ||    75
       Bite              ||    17
  Use: Potion            ||     3
       Scroll            ||     2
 Stab: Sleeping          ||     9
Armor: Robe              ||    16
Dodge: Dodged            ||    66
